 Dungeon Crawl Stone Soup version 0.14-a0-2939-ge0b1554 (webtiles) character file.

241012 Neoxx the Unseen (level 19, 90/90 HPs)
             Began as a Felid Wanderer on Mar 1, 2014.
             Was the Champion of Nemelex Xobeh.
             Quit the game on Level 2 of the Shoals on Mar 3, 2014.
             The game lasted 04:21:30 (44033 turns).

Neoxx the Unseen (Felid Wanderer)                  Turns: 44033, Time: 04:21:30

HP  90/90        AC  7     Str 21      XL: 19   Next: 25%
MP  39/39        EV 37     Int 10      God: Nemelex Xobeh [******]
Gold 5580        SH  0     Dex 25      Spells: 12 memorised, 19 levels left
Lives: 0, deaths: 3

rFire  . . .     SeeInvis +       - Unarmed
rCold  + . .     Clarity  .     (armour unavailable)
rNeg   . . .     Conserve .     (shield unavailable)
rPois  .         rCorr    .     (helmet unavailable)
rElec  .         rRot     .     (cloak unavailable)
SustAb . .       Spirit   +     (gloves unavailable)
rMut   .         Warding  .     (boots unavailable)
Saprov . . .     Stasis   .     g - amulet of guardian spirit
MR     ++...                    b - ring of Ghaquama {Wiz Dex+5 Dam+1}
                                J - ring of flight

@: repel missiles, quick, very resistant to hostile enchantments, incredibly
stealthy
A: paw claws, no armour, no weapons or thrown items, fangs 3, iridescent scales
1, thin skeletal structure 1, see invisible, carnivore 3, speed 1, shaggy fur 3,
slow metabolism 2, strong 1, jump 3
a: Jump Attack, Draw One, Peek at Two, Triple Draw, Deal Four, Stack Five,
Renounce Religion, Evoke Flight


You were on level 2 of the Shoals.
You worshipped Nemelex Xobeh.
Nemelex Xobeh was exalted by your worship.
You were not hungry.

You visited 6 branches of the dungeon, and saw 33 of its levels.
You also visited: Volcano.

You collected 6090 gold pieces.
You spent 502 gold pieces at shops.

Inventory:

Magical devices
 t - a wand of teleportation (2)
 F - a wand of heal wounds (3)
Comestibles
 x - 10 meat rations
Scrolls
 h - a scroll of immolation
 k - 3 scrolls of magic mapping
 v - 2 scrolls of amnesia
 y - a scroll of identify
 z - 6 scrolls of teleportation
 E - a scroll of blinking
 K - 14 scrolls of remove curse
Jewellery
 a - the ring of Duiviluts {rF+ Str+4 Dex+1}
   (You found it on level 14 of the Dungeon)

   [ring of protection from fire]

   It affects your strength (+4).
   It affects your dexterity (+1).
 b - the ring of Ghaquama (right paw) {Wiz Dex+5 Dam+1}
   (You took it off a deep elf fighter on level 3 of the Elven Halls)

   [ring of wizardry]

   It affects your dexterity (+5).
   It affects your damage with ranged weapons and melee attacks (+1).
 g - an amulet of guardian spirit (around neck)
 m - an uncursed ring of protection from magic
 n - the amulet of Kot Wenk {+Rage rPois Dam-1 SInv}
   (You found it on level 1 of the Shoals)

   [amulet of rage]

   It affects your damage with ranged weapons and melee attacks (-1).
   It protects you from poison.
   It enhances your eyesight.
 p - an uncursed ring of teleportation
 r - an uncursed ring of regeneration
 J - a ring of flight (left paw)
 T - an uncursed ring of protection from fire
 V - an uncursed ring of poison resistance
 X - an uncursed ring of protection from cold
Potions
 e - a potion of berserk rage
 f - 3 potions of agility
 l - 8 potions of heal wounds
 u - 5 potions of resistance
 D - a potion of restore abilities
 G - 10 potions of curing
 H - a potion of lignification
 M - a potion of speed
 O - a potion of magic
 U - 2 potions of brilliance
Miscellaneous
 c - a legendary deck of summonings {drawn: 2}
 d - a legendary deck of escape {drawn: 1}
 j - a crystal ball of energy
 s - a legendary deck of summonings {drawn: 1}
 w - a lantern of shadows
 B - an ornate deck of destruction {drawn: 4}
 C - an ornate deck of escape {Swap, left: 5}
 I - an ornate deck of escape {drawn: 1}
 L - an ornate deck of summonings
 N - a crystal ball of energy
 P - an ornate deck of destruction {drawn: 1}
 Q - a legendary deck of summonings {drawn: 8}
 R - an ornate deck of destruction {drawn: 1}
 W - an ornate deck of escape {drawn: 1}
 Y - an ornate deck of destruction {drawn: 1}
 Z - a lamp of fire


   Skills:
 + Level 13.5 Fighting
 + Level 17.0 Dodging
 * Level 20.5 Stealth
 * Level 16.7 Unarmed Combat
 - Level 11.9 Spellcasting
 - Level 4.0 Hexes
 - Level 8.1 Charms
 - Level 6.4 Translocations
   Level 1.7 Fire Magic
 - Level 11.0 Evocations


You had 19 spell levels left.
You knew the following spells:

 Your Spells              Type           Power        Failure   Level  Hunger
a - Confusing Touch       Hex            ##........   1%          1    None
b - Shroud of Golubria    Chrm/Tloc      ###.......   1%          2    None
c - Repel Missiles        Chrm/Air       ##....       1%          2    None
d - Stoneskin             Trmt/Erth      #.........   9%          2    None
e - Shock                 Conj/Air       #...         6%          1    None
g - Sublimation of Blood  Necr           #.........   9%          2    None
h - Apportation           Tloc           ###.......   1%          1    None
i - Corpse Rot            Necr           N/A          9%          2    None
j - Blink                 Tloc           N/A          1%          2    None
p - Cure Poison           Pois           #.........   9%          2    None
r - Regeneration          Chrm/Necr      ##........   3%          3    ##.....
s - Swiftness             Chrm/Air       ##......     1%          2    None


Dungeon Overview and Level Annotations

Branches:
Dungeon (14/16)            Temple (1/1) D:6             Orc (4/4) D:12
    Elf (3/3) Orc:3          Lair (8/8) D:10         Shoals (3/5) Lair:3
  Snake (0/5) Lair:6        Slime (0/6) Lair:8       Vaults (0/5) D:14

Altars:
Ashenzari
Cheibriados
Dithmenos
Elyvilon
Kikubaaqudgha
Makhleb
Nemelex Xobeh
Okawaru
Sif Muna
Trog
Vehumet
Xom
Yredelemnul
Zin
The Shining One
Jiyva

Shops:
D:6 (   D:12 [(   Orc:3 =   Orc:4 :[*[[   Elf:1 !   Elf:2 (   Elf:3 ([

Annotations:
D:3 Sigmund
D:7 exclusions: hungry ghost and 3 wights, Mrmini231's ghost, experienced TeCj
D:8 Erolcha; Gastronok; Yermak's ghost, experienced SpIE
D:10 exclusion: silver statue, Medar's ghost, experienced VSIE; Nergalle
D:13 exclusion: oklob plant
D:14 exclusion: Roxanne, Roxanne
Orc:4 exclusion: oklob plant
Lair:5 exclusion: oklob plant
Shoals:2 exclusion: downstairs, Polyphemus


Innate Abilities, Weirdness & Mutations

You cannot wear armour.
You are incapable of wielding weapons or throwing items.
Your paws have sharp claws.
You have razor-sharp teeth.
You have supernaturally acute eyesight.
You are carnivorous and can eat meat at any time.
You cover ground quickly.
Your thick and shaggy fur keeps you warm (AC +3, rC+).
You need consume almost no food.
You can jump attack at a long distance.
You are partially covered in iridescent scales (AC +4).
You have a somewhat thin skeletal structure (Dex +2, Stlth).
Your muscles are strong. (Str +2)


Message History

You scratch Polyphemus but do no damage.
Polyphemus is moderately wounded.
Your paws stop glowing.
Polyphemus glares at you with his lone eye.
Polyphemus completely misses you. Polyphemus misses you.
The catoblepas breathes a plume of calcifying dust at you.
The blast of calcifying dust hits you! Polyphemus hits you!
* * * LOW HITPOINT WARNING * * *
Polyphemus barely misses you.
The catoblepas breathes a plume of calcifying dust at you.
The blast of calcifying dust hits you!
* * * LOW HITPOINT WARNING * * *
Polyphemus throws a large rock.
The large rock hits you!
You die...
You are now level 19!
You rejoin the land of the living...
Found 3 scrolls of random uselessness.
You can't grasp things well enough to throw them.
Are you sure you want to abandon this character and quit the game? (Confirm with "yes".)

P≈≈ .P.≈PPP≈≈
....P.P..P≈
#...≈P≈PPPP≈
#.P.≈≈≈PPP≈≈≈
#P≈P≈PP≈P≈≈≈
#PP≈≈P≈PPP≈≈
#PP≈≈≈P≈≈P≈≈
#.P@≈.≈≈≈≈≈≈
#....≈≈≈.≈≈≈≈
P.P.P..≈≈≈≈.≈≈≈
....P..≈≈≈≈.≈≈≈
≈PPP.P..≈P..≈P≈
≈ ..P....≈PPP≈≈
≈≈ #......≈≈≈P
≈≈≈ ......?P≈
≈≈≈≈ ###


There were no monsters in sight!

Vanquished Creatures
  Kirke (D:14)
  5 deep elf sorcerers (Elf:3)
  3 deep elf demonologists (Elf:3)
  14 deep elf annihilators
  Snorg (Shoals:1)
  3 merfolk impalers
  A deep elf death mage (Elf:3)
  2 sirens
  4 deep elf high priests (Elf:3)
  7 hydras
  An alligator (Shoals:1)
  A death yak (Lair:8)
  4 centaur warriors
  12 deep elf knights
  13 deep elf summoners
  A sea snake (Shoals:1)
  10 hill giants
  3 unseen horrors
  12 deep elf conjurers
  4 orc knights
  Joseph (Orc:1)
  5 manticores
  5 griffons
  A sixfirhy (Elf:3)
  3 cyclopes
  An octopode (Shoals:1)
  9 elephants
  2 feature mimics
  A vapour (Lair:6)
  6 black mambas
  10 spiny frogs
  3 mermaids (Shoals:1)
  8 trolls
  6 deep elf priests
  5 fire drakes
  A demonic crawler (Elf:3)
  A jumping spider (Elf:2)
  8 merfolk
  2 wandering mushrooms
  10 komodo dragons
  10 slime creatures
  17 blink frogs
  Prince Ribbit (Lair:3)
  2 two-headed ogres
  2 boulder beetles
  3 snapping turtles (Shoals:1)
  A trapdoor spider (D:12)
  4 basilisks
  A griffon skeleton (D:14)
  A grizzly bear (Lair:6)
  5 wyverns
  An ugly thing (D:11)
  19 deep elf magi
  A shadow (D:12)
  A redback (Elf:1)
  49 yaks
  A water elemental (Shoals:1)
  An elephant slug (Lair:8)
  2 fire bats (Volcano)
  5 hogs
  13 hippogriffs
  15 humans (D:14)
  A wraith (D:12)
  Grum (Orc:1)
  6 sharks
  5 nagas (Lair:6)
  3 wolves
  23 deep elf fighters
  A vampire mosquito (D:11)
  Edmund (Orc:1)
  2 hungry ghosts
  30 orc warriors
  A necrophage (D:9)
  A swamp drake (Orc:1)
  6 porcupines
  6 ice beasts
  A yellow wasp (D:10)
  11 crocodiles
  4 boring beetles (Lair:8)
  16 centaurs
  3 phantoms
  A giant goldfish (Lair:3)
  2 black bears
  2 sky beasts
  13 ogres
  2 wargs (Orc:2)
  Duvessa (D:5)
  3 big kobolds
  6 giant slugs
  A brain worm (D:10)
  Blork the orc (D:8)
  2 gnoll sergeants
  12 water moccasins
  24 giant frogs
  An eye of draining (shapeshifter) (Elf:2)
  15 killer bees
  2 electric eels (Lair:3)
  A cyclops skeleton (D:12)
  6 wights
  A hippogriff zombie (D:12)
  2 eyes of draining
  2 vampire bats (Lair:8)
  4 goliath beetles
  A hippogriff skeleton (D:8)
  3 jellies (D:13)
  Dowan (D:5)
  3 big fish (Lair:3)
  9 crimson imps
  An iron imp (Orc:1)
  5 spiders (Elf:3)
  17 orc wizards
  2 two-headed ogre zombies
  A giant frog skeleton (D:5)
  9 hounds
  A quasit (D:10)
  A centaur skeleton (D:7)
  10 orc priests
  2 gnoll shamans (D:9)
  Natasha (D:3)
  8 iguanas
  8 scorpions
  13 worker ants
  15 orange rats
  6 sheep
  A mottled dragon zombie (D:12)
  Terence (D:2)
  2 hound skeletons
  20 gnolls
  20 adders
  A shadow imp (Orc:1)
  29 green rats
  A white imp (Orc:1)
  4 giant mites
  7 worms
  3 orc zombies
  2 giant eyeballs (D:13)
  146 orcs
  26 bats
  A bat skeleton (D:7)
  8 giant cockroaches
  24 hobgoblins
  22 jackals
  13 quokkas
  7 ball pythons
  14 giant geckos
  A giant gecko skeleton (D:4)
  5 giant newts
  3 giant spores
  22 goblins
  A goblin zombie (D:5)
  30 kobolds
  A kobold skeleton (D:5)
  2 kobold zombies (D:5)
  An orc skeleton (D:5)
  26 rats
  A spectral orc (D:4)
  28 ballistomycetes
  A plant (Lair:1)
1162 creatures vanquished.

Vanquished Creatures (collateral kills)
  Norris (D:14)
  Nikola (Elf:1)
  A bone dragon (D:14)
  A deep elf master archer (Elf:3)
  Louise (Elf:1)
  A deep elf sorcerer (Elf:3)
  2 deep elf demonologists (Elf:3)
  2 deep elf knights
  A skeletal warrior (Lair:6)
  A deep elf summoner (Elf:3)
  A deep elf conjurer (Elf:3)
  3 red wasps (D:14)
  A vapour (Lair:6)
  A fire drake (Lair:6)
  A deep elf priest (Elf:3)
  2 giant fireflies (D:11)
  Sonja (D:14)
  2 deep elf magi (Elf:3)
  A hippogriff (D:8)
  A human (D:14)
  A wolf (Orc:1)
  A vampire mosquito (Lair:6)
  2 orc warriors
  An ogre (Orc:1)
  An insubstantial wisp (D:11)
  A killer bee (D:6)
  3 orc priests
  3 spiders (Elf:3)
  A basilisk skeleton (Lair:6)
  2 orc wizards
  6 orcs
  2 plants (Lair:6)
50 creatures vanquished.

Vanquished Creatures (others)
  A Hell Sentinel (D:14)
  A death yak (Lair:8)
  2 very ugly things
  A dancing weapon (Elf:3)
  A griffon (D:14)
  2 red wasps (D:14)
  An elephant (D:14)
  3 vapours (Elf:3)
  A spiny frog (D:14)
  A giant firefly (D:11)
  A basilisk (D:14)
  An ugly thing (Elf:3)
  A hippogriff (D:14)
  A yak (D:13)
  2 wolves (Elf:3)
  A human (D:14)
  A black bear (D:14)
  A centaur (D:14)
  An elf skeleton (Elf:3)
  An orange rat (D:14)
  A worker ant (D:8)
  4 hounds (Elf:3)
  A sheep (Lair:8)
  An adder (D:11)
  A giant cockroach (D:8)
  A bat (D:8)
  3 giant spores
  A kobold (D:8)
  3 ballistomycetes
  2 butterflies (D:13)
43 creatures vanquished.

Grand Total: 1255 creatures vanquished

Notes
Turn   | Place    | Note
--------------------------------------------------------------
     0 | D:1      | Neoxx, the Felid Wanderer, began the quest for the Orb.
     0 | D:1      | Reached XP level 1. HP: 9/9 MP: 5/5
   483 | D:1      | Reached XP level 2. HP: 13/13 MP: 6/6
  1553 | D:2      | Reached skill level 3 in Stealth
  1568 | D:2      | Reached skill level 1 in Dodging
  1958 | D:2      | Reached XP level 3. HP: 16/16 MP: 9/9
  2017 | D:2      | Found a snail-covered altar of Cheibriados.
  2099 | D:2      | Noticed Terence
  2703 | D:3      | Noticed Natasha
  3564 | D:3      | Reached XP level 4. HP: 11/19 MP: 11/11
  3633 | D:3      | Noticed Sigmund
  4236 | D:3      | Reached skill level 4 in Stealth
  5956 | D:3      | Succumbed to a kobold's poison
  5957 | D:3      | Reached XP level 3. HP: 0/16 MP: 9/9
  5957 | D:3      | Upgraded the game from 0.14-a0-2881-g20de702 to 0.14-a0-2910-g8a9724b
  5967 | D:3      | Reached XP level 4. HP: 11/19 MP: 11/11
  6149 | D:2      | Reached skill level 5 in Stealth
  6455 | D:2      | Killed Terence
  7352 | D:4      | Noticed an ogre
  7433 | D:4      | Reached XP level 5. HP: 22/22 MP: 13/13
  8335 | D:4      | Noticed an ogre
  8360 | D:4      | Killed an ogre
  8360 | D:4      | Reached skill level 6 in Stealth
  8360 | D:4      | Gained mutation: You are covered in thick fur (AC +2). [growing up]
  8360 | D:4      | Gained mutation: You can jump attack at a medium distance. [growing up]
  8360 | D:4      | Reached XP level 6. HP: 25/27 MP: 15/15
  8978 | D:4      | Found a basalt altar of Yredelemnul.
  9166 | D:5      | Entered Level 5 of the Dungeon
  9667 | D:5      | Noticed Duvessa
 10173 | D:5      | Reached XP level 7. HP: 29/31 MP: 18/18
 10226 | D:6      | Reached skill level 7 in Stealth
 10738 | D:6      | Found Voigoi's Antique Weapon Shoppe.
 10783 | D:6      | Found a bloodstained altar of Trog.
 10879 | D:6      | Found a staircase to the Ecumenical Temple.
 10890 | Temple   | Entered the Ecumenical Temple
 10916 | Temple   | Became a worshipper of Nemelex Xobeh
 10974 | D:6      | Reached skill level 5 in Unarmed Combat
 11224 | D:6      | Found a burning altar of Makhleb.
 11257 | D:6      | Learned a level 1 spell: Confusing Touch
 11273 | D:6      | Reached skill level 1 in Hexes
 11344 | D:6      | Received a gift from Nemelex Xobeh
 11687 | D:5      | Noticed Dowan
 11715 | D:5      | Killed Dowan
 11892 | D:5      | Acquired Nemelex Xobeh's first power
 12737 | D:3      | Acquired Nemelex Xobeh's second power
 12905 | D:3      | Killed Natasha
 13398 | D:4      | Reached XP level 8. HP: 25/34 MP: 18/18
 14138 | D:5      | Killed Duvessa
 14307 | D:6      | Reached skill level 8 in Stealth
 14332 | D:7      | Received a gift from Nemelex Xobeh
 14405 | D:7      | Noticed Mrmini231's ghost (experienced TeCj)
 14506 | D:7      | Acquired Nemelex Xobeh's third power
 14961 | D:7      | Noticed a hill giant
 15131 | D:8      | Noticed Erolcha
 15313 | D:8      | Learned a level 3 spell: Confuse
 15368 | D:8      | Reached skill level 9 in Stealth
 15368 | D:8      | Reached XP level 9. HP: 19/38 MP: 12/20
 15607 | D:8      | Noticed Gastronok
 15608 | D:8      | Noticed Yermak's ghost (experienced SpIE)
 15610 | D:8      | Noticed Blork the orc
 15867 | D:8      | Received a gift from Nemelex Xobeh
 15998 | D:8      | Reached skill level 5 in Evocations
 16112 | D:8      | Acquired Nemelex Xobeh's fourth power
 16124 | D:8      | Killed Blork the orc
 16672 | D:7      | Killed a hill giant
 16764 | D:7      | Noticed a hill giant
 17974 | D:6      | Reached skill level 5 in Spellcasting
 18185 | D:7      | Killed a hill giant
 18237 | D:7      | Reached XP level 10. HP: 32/42 MP: 23/25
 18473 | D:7      | Reached skill level 5 in Dodging
 18995 | D:9      | Noticed a manticore
 19063 | D:9      | Received a gift from Nemelex Xobeh
 19091 | D:9      | Found a shadowy altar of Dithmenos.
 19230 | D:9      | Reached skill level 10 in Stealth
 19261 | D:8      | HP: 2/43 [poisoned by a centaur]
 19425 | D:9      | Acquired Nemelex Xobeh's fifth power
 20004 | D:9      | Received a gift from Nemelex Xobeh
 20017 | D:9      | Reached skill level 10 in Dodging
 20017 | D:9      | Reached skill level 13 in Stealth
 20017 | D:9      | Reached skill level 10 in Unarmed Combat
 20017 | D:9      | Reached skill level 10 in Evocations
 20017 | D:9      | Reached XP level 11. HP: 41/51 MP: 25/27
 20019 | D:9      | Reached skill level 14 in Stealth
 20019 | D:9      | Gained mutation: Your thick and shaggy fur keeps you warm (AC +3, rC+). [growing up]
 20019 | D:9      | Gained mutation: You can jump attack at a long distance. [growing up]
 20019 | D:9      | Reached XP level 12. HP: 45/58 MP: 18/28
 20020 | D:9      | Reached skill level 10 in Fighting
 20020 | D:9      | Reached skill level 15 in Stealth
 20020 | D:9      | Reached XP level 13. HP: 47/62 MP: 16/29
 20046 | D:9      | Killed a manticore
 20092 | D:9      | Reached skill level 16 in Stealth
 20473 | D:10     | Entered Level 10 of the Dungeon
 20661 | D:10     | Noticed Medar's ghost (experienced VSIE)
 20724 | D:10     | Noticed Nergalle
 20810 | D:10     | Found a staircase to the Lair.
 20942 | D:10     | Shuffle card: Str 19[22], Int 8[8], Dex 15[15]
 21185 | D:10     | Learned a level 1 spell: Apportation
 21188 | D:10     | Learned a level 2 spell: Swiftness
 21399 | D:11     | Received a gift from Nemelex Xobeh
 21541 | D:11     | Reached skill level 1 in Translocations
 21966 | D:11     | Received a gift from Nemelex Xobeh
 22397 | D:12     | Found a white marble altar of Elyvilon.
 22440 | D:12     | Found a staircase to the Orcish Mines.
 22443 | D:12     | Found Ikaut's Armour Shoppe.
 22983 | D:12     | Received a gift from Nemelex Xobeh
 23322 | D:12     | Received a gift from Nemelex Xobeh
 23399 | D:12     | Found Skeoq's Weapon Emporium.
 24050 | D:13     | Received a gift from Nemelex Xobeh
 24992 | D:13     | Reached XP level 14. HP: 67/67 MP: 31/31
 25016 | D:13     | Paralysed by a giant eyeball for 3 turns
 25661 | D:13     | Received a gift from Nemelex Xobeh
 25696 | D:13     | Received a gift from Nemelex Xobeh
 25726 | D:14     | Found a gate to the Vaults.
 25726 | D:14     | Noticed Norris
 25726 | D:14     | Noticed Sonja
 25835 | D:14     | Got a twitching lead ring
 25838 | D:14     | Identified the ring of Duiviluts {rF+ Str+4 Dex+1} (You found it on level 14 of the Dungeon)
 25849 | D:14     | Gained mutation: You can spit poison. [potion of mutation]
 26068 | D:14     | Gained mutation: Your flesh is heat resistant. [potion of mutation]
 26068 | D:14     | Gained mutation: You are partially covered in iridescent scales (AC +4). [potion of mutation]
 26068 | D:14     | Gained mutation: You are frail (-10% HP). [potion of mutation]
 26107 | D:14     | Noticed Roxanne
 26265 | D:14     | Noticed a bone dragon
 26293 | D:14     | Killed a bone dragon
 26313 | D:14     | Killed Norris
 26321 | D:14     | Received a gift from Nemelex Xobeh
 26518 | D:14     | Noticed Kirke
 26529 | D:14     | Reached XP level 15. HP: 59/63 MP: 29/34
 26533 | D:14     | Lost mutation: You can spit poison. [helix card]
 26598 | D:14     | Killed Kirke
 26900 | D:14     | Killed Sonja
 27329 | Orc:1    | Entered Level 1 of the Orcish Mines
 27422 | Orc:1    | Received a gift from Nemelex Xobeh
 27616 | Orc:1    | Noticed Joseph
 27623 | Orc:1    | Noticed Edmund
 27625 | Orc:1    | Killed Joseph
 27633 | Orc:1    | Killed Edmund
 27807 | Orc:1    | Learned a level 2 spell: Blink
 27810 | Orc:1    | Learned a level 2 spell: Repel Missiles
 27821 | Orc:1    | Received a gift from Nemelex Xobeh
 28144 | Orc:2    | Received a gift from Nemelex Xobeh
 28495 | Orc:3    | Found a staircase to the Elven Halls.
 28661 | Orc:3    | Found Qupseuxt's Jewellery Boutique.
 28664 | Orc:3    | Bought an uncursed amulet of inaccuracy for 20 gold pieces
 28731 | Orc:4    | Entered Level 4 of the Orcish Mines
 28731 | Orc:4    | Found Ydolo's Antique Armour Emporium.
 28747 | Orc:4    | Received a gift from Nemelex Xobeh
 28761 | Orc:4    | Found Minlaf's General Store.
 28772 | Orc:4    | Minlaf's General Store was a mimic.
 29133 | Orc:4    | Received a gift from Nemelex Xobeh
 29324 | Orc:4    | Received a gift from Nemelex Xobeh
 29687 | Orc:4    | Received a gift from Nemelex Xobeh
 29742 | Orc:4    | Found Rulotiwy's General Store.
 29742 | Orc:4    | Found Ipsopluk's Armour Shop.
 29745 | Orc:4    | Found Wupucwouru's Book Boutique.
 29747 | Orc:4    | Found Janeip's Armour Emporium.
 29751 | Orc:4    | Bought a scroll of teleportation for 45 gold pieces
 29751 | Orc:4    | Bought a scroll of magic mapping for 52 gold pieces
 29751 | Orc:4    | Bought a scroll of teleportation for 45 gold pieces
 29751 | Orc:4    | Bought a scroll of identify for 30 gold pieces
 29751 | Orc:4    | Bought a scroll of identify for 30 gold pieces
 29840 | Orc:4    | Received a gift from Nemelex Xobeh
 30172 | Elf:1    | Entered Level 1 of the Elven Halls
 30398 | Elf:1    | Noticed Louise
 30855 | Elf:1    | Noticed Nikola
 30888 | Elf:1    | Found Jycuneo's Distillery.
 30897 | Elf:1    | Bought a potion of resistance for 98 gold pieces
 30897 | Elf:1    | Bought 2 potions of curing for 56 gold pieces
 30897 | Elf:1    | Bought 2 potions of heal wounds for 84 gold pieces
 30897 | Elf:1    | Bought a potion of heal wounds for 42 gold pieces
 31061 | Elf:2    | Reached skill level 17 in Stealth
 31501 | Elf:2    | Received a gift from Nemelex Xobeh
 31724 | Elf:2    | Found Wounir's Weapon Shoppe.
 31995 | Elf:2    | Identified a scroll of acquirement
 32337 | Elf:2    | Received a gift from Nemelex Xobeh
 32503 | Elf:3    | Entered Level 3 of the Elven Halls
 32795 | Elf:3    | Reached skill level 5 in Charms
 32841 | Elf:3    | Reached skill level 15 in Dodging
 32841 | Elf:3    | Reached XP level 16. HP: 68/68 MP: 31/35
 32873 | Elf:3    | Found Blomm's Antique Armour Emporium.
 33345 | Elf:3    | Found Vadoar's Antique Weapon Boutique.
 33494 | Elf:3    | Received a gift from Nemelex Xobeh
 33577 | Elf:3    | Reached skill level 15 in Unarmed Combat
 33721 | Elf:3    | Reached skill level 18 in Stealth
 33861 | Elf:3    | Received a gift from Nemelex Xobeh
 33946 | Elf:3    | Reached XP level 17. HP: 69/69 MP: 20/35
 34030 | Elf:3    | Received a gift from Nemelex Xobeh
 34252 | Elf:3    | Received a gift from Nemelex Xobeh
 34267 | Elf:3    | Found a burning altar of Makhleb.
 34270 | Elf:3    | Got a wavering jade ring
 34327 | Elf:3    | Identified the ring of Ghaquama {Wiz Dex+5 Dam+1} (You took it off a deep elf fighter on level 3 of the Elven Halls)
 34438 | Elf:3    | Noticed a deep elf master archer
 34444 | Elf:3    | Received a gift from Nemelex Xobeh
 34458 | Elf:3    | Killed a deep elf master archer
 34521 | Elf:3    | Found a bloodstained altar of Trog.
 34523 | Elf:3    | Found a deep blue altar of Sif Muna.
 34523 | Elf:3    | Found a deep blue altar of Sif Muna.
 34523 | Elf:3    | Found a radiant altar of Vehumet.
 34523 | Elf:3    | Found a bloodstained altar of Trog.
 34523 | Elf:3    | Found a shimmering altar of Xom.
 34523 | Elf:3    | Found an iron altar of Okawaru.
 34527 | Elf:3    | Received a gift from Nemelex Xobeh
 34562 | Elf:3    | Found a deep blue altar of Sif Muna.
 34562 | Elf:3    | Found a deep blue altar of Sif Muna.
 34562 | Elf:3    | Found a shimmering altar of Xom.
 34562 | Elf:3    | Found a deep blue altar of Sif Muna.
 34562 | Elf:3    | Found a deep blue altar of Sif Muna.
 34562 | Elf:3    | Found a burning altar of Makhleb.
 34600 | Elf:3    | Received a gift from Nemelex Xobeh
 34895 | Elf:3    | Received a gift from Nemelex Xobeh
 34901 | Elf:3    | Found a burning altar of Makhleb.
 34901 | Elf:3    | Found a radiant altar of Vehumet.
 34901 | Elf:3    | Found a burning altar of Makhleb.
 34901 | Elf:3    | Found a burning altar of Makhleb.
 34901 | Elf:3    | Found an ancient bone altar of Kikubaaqudgha.
 34902 | Elf:3    | Found a burning altar of Makhleb.
 34905 | Elf:3    | Found a shimmering altar of Xom.
 34924 | Elf:3    | Found a radiant altar of Vehumet.
 34925 | Elf:3    | Found a deep blue altar of Sif Muna.
 34941 | Elf:3    | Found a deep blue altar of Sif Muna.
 34942 | Elf:3    | Found an iron altar of Okawaru.
 34942 | Elf:3    | Found a deep blue altar of Sif Muna.
 34943 | Elf:3    | Found a white marble altar of Elyvilon.
 35055 | Elf:3    | Received a gift from Nemelex Xobeh
 35129 | Elf:3    | Received a gift from Nemelex Xobeh
 35178 | Elf:3    | Gained mutation: You need consume almost no food. [potion of beneficial mutation]
 35181 | Elf:3    | Identified the Compendium of Changing and Toxins (You found it on level 3 of the Elven Halls)
 35189 | Elf:3    | Learned a level 2 spell: Cure Poison
 35192 | Elf:3    | Learned a level 2 spell: Stoneskin
 35198 | Elf:3    | Identified the Almanac of Enhancements (You found it on level 3 of the Elven Halls)
 35211 | Elf:3    | Learned a level 3 spell: Abjuration
 35215 | Elf:3    | Received a gift from Nemelex Xobeh
 35555 | Elf:1    | Killed Louise
 35618 | Elf:1    | Killed Nikola
 35626 | Elf:1    | Received a gift from Nemelex Xobeh
 35866 | Orc:2    | Received a gift from Nemelex Xobeh
 35876 | Orc:2    | Found a bloodstained altar of Trog.
 35945 | Orc:2    | Received a gift from Nemelex Xobeh
 36080 | Orc:1    | Noticed Grum
 36086 | Orc:1    | Killed Grum
 36096 | Orc:1    | Reached skill level 19 in Stealth
 36418 | Lair:1   | Entered Level 1 of the Lair of Beasts
 36454 | Lair:1   | Learned a level 2 spell: Sublimation of Blood
 36456 | Lair:1   | Upgraded the game from 0.14-a0-2910-g8a9724b to 0.14-a0-2939-ge0b1554
 37143 | Lair:1   | Found a dark tunnel.
 37159 | Volcano  | Entered a volcano
 37223 | Volcano  | Received a gift from Nemelex Xobeh
 37715 | Lair:2   | Gained mutation: Your muscles are strong. (Str +2) [potion of beneficial mutation]
 38135 | Lair:3   | Found a staircase to the Shoals.
 38214 | Lair:3   | Noticed Prince Ribbit
 38217 | Lair:3   | Killed Prince Ribbit
 38616 | Lair:3   | Received a gift from Nemelex Xobeh
 38999 | Lair:3   | Learned a level 2 spell: Corpse Rot
 39134 | Lair:4   | Found an ancient bone altar of Kikubaaqudgha.
 39286 | Lair:4   | Received a gift from Nemelex Xobeh
 39355 | Lair:4   | Learned a level 2 spell: Shroud of Golubria
 39359 | Lair:4   | Learned a level 3 spell: Regeneration
 40059 | Lair:6   | Received a gift from Nemelex Xobeh
 40184 | Lair:8   | Entered Level 8 of the Lair of Beasts
 40399 | Lair:8   | Found a viscous altar of Jiyva.
 40431 | Lair:8   | Found a staircase to the Slime Pits.
 40469 | Lair:8   | Received a gift from Nemelex Xobeh
 41200 | Lair:8   | Reached skill level 20 in Stealth
 41505 | Lair:7   | Reached XP level 18. HP: 69/74 MP: 34/36
 41551 | Lair:7   | Received a gift from Nemelex Xobeh
 42498 | Lair:6   | Received a gift from Nemelex Xobeh
 42515 | Lair:6   | Received a gift from Nemelex Xobeh
 42642 | Lair:6   | Reached XP level 19. HP: 62/79 MP: 11/37
 42646 | Lair:6   | Found a staircase to the Snake Pit.
 42687 | Lair:6   | Received a gift from Nemelex Xobeh
 42764 | Lair:6   | Received a gift from Nemelex Xobeh
 43090 | Lair:6   | Received a gift from Nemelex Xobeh
 43100 | Lair:6   | Lost mutation: Your flesh is heat resistant. [helix card]
 43100 | Lair:6   | Gained mutation: You have a somewhat thin skeletal structure (Dex +2, Stlth). [helix card]
 43102 | Lair:6   | Reached skill level 10 in Spellcasting
 43102 | Lair:6   | Reached XP level 20. HP: 82/82 MP: 8/38
 43105 | Lair:6   | Received a gift from Nemelex Xobeh
 43125 | Lair:6   | Received a gift from Nemelex Xobeh
 43155 | Lair:6   | Reached XP level 21. HP: 67/85 MP: 8/40
 43157 | Lair:6   | Lost mutation: You are frail (-10% HP). [helix card]
 43224 | Lair:6   | Received a gift from Nemelex Xobeh
 43240 | Lair:6   | Received a gift from Nemelex Xobeh
 43387 | Shoals:1 | Entered Level 1 of the Shoals
 43669 | Shoals:1 | Got a pitted pewter amulet
 43685 | Shoals:1 | Identified the amulet of Kot Wenk {+Rage rPois Dam-1 SInv} (You found it on level 1 of the Shoals)
 43727 | Shoals:1 | Noticed Snorg
 43735 | Shoals:1 | Received a gift from Nemelex Xobeh
 43738 | Shoals:1 | Killed Snorg
 43738 | Shoals:1 | HP: 4/95 [shot self (29)]
 43754 | Shoals:1 | HP: 2/95 [merfolk/trident (18)]
 43763 | Shoals:1 | HP: 2/95 [merfolk/trident (11)]
 43763 | Shoals:1 | Killed from afar by a water nymph
 43764 | Shoals:1 | Reached XP level 20. HP: -10/92 MP: 0/39
 44013 | Shoals:2 | Noticed Polyphemus
 44030 | Shoals:2 | HP: 2/94 [Polyphemus (28)]
 44032 | Shoals:2 | Hit by a large rock thrown by Polyphemus
 44033 | Shoals:2 | Reached XP level 19. HP: -27/90 MP: 0/39
 44033 | Shoals:2 | Quit the game

Action                   |  1- 3 |  4- 6 |  7- 9 | 10-12 | 13-15 | 16-18 | 19-21 || total
-------------------------+-------+-------+-------+-------+-------+-------+-------++-------
Melee: Unarmed           |   152 |   471 |   565 |   161 |  1339 |  1038 |   178 ||  3904
 Cast: Confusing Touch   |       |       |   132 |    60 |   346 |   148 |    17 ||   703
       Shock             |       |       |     1 |       |       |     1 |       ||     2
       Confuse           |       |       |     1 |       |       |       |       ||     1
       Repel Missiles    |       |       |       |       |    15 |     3 |     1 ||    19
       Swiftness         |       |       |       |       |     2 |    12 |       ||    14
       Regeneration      |       |       |       |       |       |    16 |    11 ||    27
       Stoneskin         |       |       |       |       |       |     6 |     2 ||     8
       Shroud of Golubri |       |       |       |       |       |     6 |       ||     6
       Cure Poison       |       |       |       |       |       |     4 |       ||     4
       Apportation       |       |       |       |       |       |     1 |     6 ||     7
       Sublimation of Bl |       |       |       |       |       |     1 |       ||     1
Invok: Draw One          |       |       |    23 |     2 |    56 |    98 |    43 ||   222
       Peek at Two       |       |       |     1 |       |     1 |     1 |     2 ||     5
       Triple Draw       |       |       |       |     1 |     2 |     2 |     4 ||     9
       Stack Five        |       |       |       |     1 |     2 |       |     3 ||     6
 Abil: Jump Attack       |     4 |    17 |    16 |       |    36 |    18 |       ||    91
       Spit Poison       |       |       |       |       |     1 |       |       ||     1
       End Transformatio |       |       |       |       |       |     1 |       ||     1
       Evoke Flight      |       |       |       |       |       |       |     7 ||     7
       Stop Flying       |       |       |       |       |       |       |     2 ||     2
Evoke: Wand              |     1 |    10 |     4 |       |    24 |     3 |     3 ||    45
       Deck              |       |       |       |       |       |       |    52 ||    52
  Use: Potion            |       |     1 |     6 |     2 |     4 |     5 |       ||    18
       Scroll            |       |       |    18 |     1 |    18 |    12 |     2 ||    51
 Stab: Sleeping          |     4 |    18 |    22 |     3 |    47 |    65 |    13 ||   172
       Confused          |     1 |     7 |    49 |    21 |    89 |    27 |    12 ||   206
       Paralysed         |       |       |       |       |     1 |       |       ||     1
       Distracted        |       |       |       |       |     5 |     6 |       ||    11
       Invisible         |       |       |       |       |       |     1 |       ||     1
